 Dungeon Crawl Stone Soup version 0.32-a0-450-g080537f31e (webtiles) character file.

Game seed: 1234171178228768817

5 night the Slasher (level 1, -1/16 HPs)
             Began as a Demonspawn Gladiator on Feb 23, 2024.
             Slain by a kobold
             ... wielding a +0 whip
              (4 damage)
             ... on level 1 of the Dungeon.
             The game lasted 00:00:57 (35 turns).

night the Slasher (Demonspawn Gladiator)              Turns: 35, Time: 00:00:57

Health: -1/16      AC:  4    Str: 14    XL:     1   Next: 66%
Magic:  1/1        EV: 12    Int:  8    God:
Gold:   0          SH:  0    Dex: 14    Spells: 0/0 levels left

rFire   . . .        a - +0 long sword
rCold   . . .        (no shield)
rNeg    . . .        b - +0 leather armour
rPois   .            c - +0 helmet
rElec   .            (no cloak)
rCorr   .            (no gloves)
SInv    .            (no boots)
Will    .....        (no amulet)
Stlth   +            (no ring)
HPRegen 0.22/turn    (no ring)
MPRegen 0.07/turn

%: no passive effects
@: no status effects
A: no striking features
a: no special abilities


You were on level 1 of the Dungeon.
You visited 1 branch of the dungeon, and saw 1 of its levels.

Inventory:

Hand Weapons
 a - a +0 long sword (weapon)
Missiles
 d - a throwing net (quivered)
Armour
 b - a +0 leather armour (worn)
 c - a +0 helmet (worn)


   Skills:
 + Level 2.1 Fighting
 * Level 2.9 Long Blades
 - Level 1.7 Throwing
 + Level 2.7 Dodging


You couldn't memorise any spells.
You didn't know any spells.
Your spell library was empty.

Dungeon Overview and Level Annotations

Branches:
Dungeon (1/15)

Altars:


Message History

You kill the jackal!
The jackal barely misses you. The giant cockroach bites you.
* * * LOW HITPOINT WARNING * * *
The jackal misses you.
The giant cockroach bites you but does no damage.
The giant cockroach attacks as it pursues you!
The giant cockroach bites you but does no damage.
The kobold hits the plant with a +0 whip.
The plant begins to die.
The jackal attacks as it pursues you! The jackal closely misses you.
The jackal misses you.
The jackal bites the bush but does no damage.
Throw: javelin
Press: ? - help, Shift-Dir - straight line, f - kobold
Aim: a kobold, wielding a +0 whip (47% to hit)
You throw a javelin. The javelin pierces through the plant!
The plant begins to die.
The plant is lightly damaged.
The javelin pierces through the jackal.
You kill the jackal!
The javelin closely misses the kobold.
The giant cockroach bites you but does no damage.
The giant cockroach barely misses you.
The kobold hits the bush but does no damage.
Throw: 2 throwing nets
Press: ? - help, Shift-Dir - straight line, f/p - kobold
Aim: a kobold, wielding a +0 whip (47% to hit)
You throw a throwing net.
The throwing net hits the giant cockroach.
The giant cockroach is caught in the net!
A nearby plant withers and dies.
The giant cockroach struggles against the net.
The kobold hits the bush but does no damage.
You completely miss the giant cockroach.
A nearby plant withers and dies.
The giant cockroach struggles against the net. x2
You hit the giant cockroach but do no damage.
The giant cockroach struggles against the net.
The kobold hits you with a +0 whip.
You die...

##......PPP....?
........PP♣.P.b.
##...PbP.♣P♣.PP.
..P♣♣P.<.♣♣.♣.P.
# #.PP♣P...PPP.!.
#.#.......PP.....
#..$...P...⌠...##
.....P........##
##..PP⌠@.....##
#.P♣♣PKB.P.##
#..PP♣P†..##
#(..PP.†.##
#)......(#
##....$.##
#.$....##
#....### #...b


You could see a giant cockroach (caught) and a kobold.

Vanquished Creatures
  3 jackals (D:1)
  A frilled lizard (D:1)
  A rat (D:1)
5 creatures vanquished.

Notes
Turn   | Place    | Note
-------+----------+-------------------------------------------
     0 | D:1      | night the Demonspawn Gladiator began the quest for the Orb.
     0 | D:1      | Reached XP level 1. HP: 16/16 MP: 1/1
    27 | D:1      | HP: 2/16 [giant cockroach (2)]
    35 | D:1      | Slain by a kobold

Illustrated notes

Levels and vault maps discovered:
D:1:      spicycebolla_arrival_clurvy, layout_basic, serial_shops, shop, shop,
          nicolae_shop_trees, shop, grunt_decor_cap, minmay_splitting_lines,
          minmay_rat_gold_closets

Action                     || total
---------------------------++-------
  Melee: Long sword        ||    14
  Throw: Throwing net      ||     2
         Javelin           ||     1
 Armour: Leather armour    ||    20
  Dodge: Dodged            ||    20

Table legend: (Time is in decaauts)
 A = Elapsed time spent in this place.
 B = Non-inter-level travel time spent in this place.
 C = Inter-level travel time spent in this place.
 D = Time resting spent in this place.
 E = Time spent auto-exploring this place.
 F = Levels seen in this place.
 G = Mean time per level.
                   A        B        C        D        E       F      G
               +--------+--------+--------+--------+--------+-----+--------+
         Total |     38 |     38 |      0 |      0 |      0 |   1 |   38.0 |
       Dungeon |     38 |     38 |      0 |      0 |      0 |   1 |   38.0 |
               +--------+--------+--------+--------+--------+-----+--------+

Top non-repeatable levels by time:
     D:1: 38 daAuts
